 Dungeon Crawl Stone Soup version 0.15.1-3-g1b33baa (webtiles) character file.

273 CrazyArbalest the Vandal (level 6, -6/42 HPs)
             Began as a Halfling Fighter on Oct 9, 2014.
             Killed from afar by an orc wizard (7 damage)
             ... with a puff of frost
             ... on Level 3 of the Dungeon.
             The game lasted 00:14:11 (3374 turns).

CrazyArbalest the Vandal (Halfling Fighter)         Turns: 3374, Time: 00:14:11

HP  -6/42        AC  9     Str 16      XL: 6   Next: 48%
MP   6/6         EV 11     Int  7      God:
Gold 96          SH  6     Dex 16      Spells:  0 memorised,  5 levels left

rFire  . . .     SeeInvis .     h - +0 hunting sling
rCold  . . .     Clarity  .     l - +0 swamp dragon armour
rNeg   . . .     rCorr    .     c - +0 buckler
rPois  +         rRot     .     k - +0 helmet
rElec  .         Spirit   .     (no cloak)
SustAb .         Warding  .     (no gloves)
rMut   .         Stasis   .     (no boots)
Gourm  .                        (no amulet)
MR     .....                    (no ring)
                                (no ring)

@: not resistant to hostile enchantments, very unstealthy
A: mutation resistance 1
a: no special abilities


You were on level 3 of the Dungeon.
You were not hungry.

You visited 1 branch of the dungeon, and saw 3 of its levels.

You collected 96 gold pieces.

Inventory:

Hand weapons
 a - a +0 cutlass
 h - a +0 hunting sling (weapon)
Missiles
 j - 27 stones (quivered)
 n - 18 sling bullets
Armour
 c - a +0 buckler (worn)
 k - a +0 helmet (worn)
 l - a +0 swamp dragon armour (worn)
Comestibles
 d - 3 bread rations
 t - a meat ration
Scrolls
 f - 4 scrolls of identify {unknown}
 o - a scroll of teleportation {unknown}
 q - a scroll of random uselessness {unknown}
 s - 2 scrolls of amnesia {unknown}
Jewellery
 r - an uncursed amulet of stasis {unknown}
Potions
 e - a potion of might
 i - a potion of mutation {unknown}
 m - a potion of magic {unknown}


   Skills:
 + Level 3.1 Fighting
 + Level 3.3 Short Blades
 * Level 5.4 Slings
 + Level 4.0 Armour
 + Level 2.1 Dodging
 + Level 4.1 Shields


You had 5 spell levels left.
You didn't know any spells.

Dungeon Overview and Level Annotations

Branches:
Dungeon (3/15)

Altars:
Fedhas
Zin

Annotations:
D:3 ztt's ghost, average OgAM


Innate Abilities, Weirdness & Mutations

You are small and have problems with some larger weapons.
You are somewhat resistant to further mutation.


Message History

The magic dart hits you!
You see here a stone.
Ouch! You feel less confused.
The orc wizard gestures at you while chanting.
The puff of flame hits you!
* * * LOW HITPOINT WARNING * * *
You hear some strange, mumbled words.
The puff of flame hits you!
The orc wizard points at you and mumbles some strange words.
The puff of frost hits you!
* * * LOW HITPOINT WARNING * * *
Unknown command.
Drink which item? (? for menu, Esc to quit)
It has a very clean taste.
It was a potion of cure mutation.
The orc wizard points at you and mumbles some strange words.
The puff of frost hits something.
You block its attack.
The orc wizard gestures at you while chanting.
The puff of frost hits you!
You die...

....(. ...#...##.#..
....(###...........
........##.....#.#
##.#((..).......(#
#..(....##.......#
#....#####.......# #....#
#......o# . #....#####......{#
####.. ..
#..).#........()@#####..... ...
#..).#...........#.......#####.##
...).#....#####..#.......#.......
.....#...........#.....# #.......
.....#....#......#.....###.......
...(.##.###............'.........
#....##.# #......#.....##.......#
#....##)# #......##.....#.......#
#....##.###########.............#


You could see an orc wizard.

Vanquished Creatures
  2 orc priests (D:3)
  Jessica (D:3)
  6 adders (D:2)
  4 gnolls (D:3)
  3 worms
  2 giant geckos
  4 orcs (D:3)
  8 bats
  5 giant cockroaches
  8 hobgoblins
  A quokka (D:3)
  A ball python (D:2)
  5 giant newts
  12 goblins
  9 jackals
  6 kobolds
  7 rats
84 creatures vanquished.

Notes
Turn   | Place    | Note
--------------------------------------------------------------
     0 | D:1      | CrazyArbalest, the Halfling Fighter, began the quest for the Orb.
     0 | D:1      | Reached XP level 1. HP: 15/15 MP: 1/1
   227 | D:1      | Reached XP level 2. HP: 20/20 MP: 2/2
   474 | D:1      | Reached skill level 1 in Dodging
   728 | D:1      | Reached XP level 3. HP: 6/26 MP: 3/3
  1322 | D:2      | Reached skill level 1 in Slings
  1403 | D:2      | Reached XP level 4. HP: 26/31 MP: 4/4
  1788 | D:2      | Reached skill level 4 in Shields
  1788 | D:2      | Reached XP level 5. HP: 36/36 MP: 5/5
  2461 | D:3      | Noticed ztt's ghost (average OgAM)
  2621 | D:3      | Found a blossoming altar of Fedhas.
  2831 | D:3      | Noticed Jessica
  2838 | D:3      | Killed Jessica
  2879 | D:3      | Found a glowing silver altar of Zin.
  2930 | D:3      | Reached XP level 6. HP: 42/42 MP: 6/6
  3173 | D:3      | Reached skill level 5 in Slings
  3373 | D:3      | HP: 1/42 [orc wizard/puff of frost (8)]
  3374 | D:3      | Killed from afar by an orc wizard

Action                   |  1- 3 |  4- 6 || total
-------------------------+-------+-------++-------
Melee: Cutlass           |   104 |   135 ||   239
       Hunting sling     |       |     1 ||     1
 Fire: Hunting sling     |       |   152 ||   152
Throw: Stone             |    22 |       ||    22
  Use: Potion            |       |     1 ||     1
  Eat: Chunk             |     2 |     6 ||     8
